 Dungeon Crawl Stone Soup version 0.29-a0-490-g77b3608bb8 (webtiles) character file.

Game seed: 8106228626541808379

64 croobank the Covert (level 4, 0/41 HPs)
             Began as a Gnoll Delver on May 26, 2022.
             Was an Initiate of Gozag.
             Succumbed to an adder's poison
             ... on level 4 of the Dungeon.
             The game lasted 00:06:10 (1219 turns).

croobank the Covert (Gnoll Delver)                  Turns: 1219, Time: 00:06:11

Health: 0/41       AC:  3    Str: 11    XL:     4   Next: 12%
Magic:  5/5        EV: 13    Int: 14    God:    Gozag
Gold:   4          SH:  0    Dex: 13    Spells: 2/5 levels left

rFire   . . .      SeeInvis .   a - +7 short sword of the Warrior {drain, Int+2}
rCold   . . .      Faith    .   (no shield)
rNeg    . . .      Spirit   .   b - +0 leather armour
rPois   .          Reflect  .   (no helmet)
rElec   .          Harm     .   (no cloak)
rCorr   .          Rampage  .   (no gloves)
Will    .....                   (no boots)
Stlth   ++++......              (no amulet)
HPRegen 0.13/turn               (no ring)
MPRegen 0.09/turn               (no ring)

@: mighty, lethally poisoned (0 -> -2), invisible
A: fangs 1, strong nose, distributed training
a: Renounce Religion, Potion Petition, Call Merchant, Bribe Branch


You were on level 4 of the Dungeon.
You worshipped Gozag.
Gozag was noncommittal.
You visited 2 branches of the dungeon, and saw 3 of its levels.
You also visited: Ossuary.

You collected 34 gold pieces.
You paid 30 gold pieces to Gozag.

Inventory:

Hand Weapons
 a - the +7 short sword of the Warrior (weapon) {drain, Int+2}
   (You acquired it on level 4 of the Dungeon)

   A truly terrible weapon, it drains the life of any living foe it strikes.
   Int:       It affects your intelligence (+2).
 h - a +1 mace of protection
 l - a +0 hand axe
Armour
 b - a +0 leather armour (worn)
Wands
 g - a wand of digging (3)
Scrolls
 c - a scroll of fog
 d - a scroll of magic mapping
 e - 2 scrolls of fear
 m - a scroll of blinking {unknown}
Potions
 f - 3 potions of might
 i - a potion of flight
 j - a potion of haste


   Skills:
 + Level 6.6 Fighting
 + Level 1.0 Short Blades
 + Level 1.0 Long Blades
 + Level 4.6 Axes
 + Level 1.0 Maces & Flails
 + Level 1.0 Polearms
 + Level 1.0 Staves
 + Level 1.0 Slings
 + Level 1.0 Bows
 + Level 1.0 Crossbows
 + Level 1.0 Throwing
 + Level 1.0 Armour
 + Level 4.6 Dodging
 + Level 9.6 Stealth
 + Level 1.0 Shields
 + Level 1.0 Unarmed Combat
 + Level 1.0 Spellcasting
 + Level 0.8 Conjurations
 + Level 0.8 Hexes
 + Level 0.8 Summonings
 + Level 0.8 Necromancy
 + Level 0.8 Translocations
 + Level 0.8 Transmutations
 + Level 0.8 Fire Magic
 + Level 0.8 Ice Magic
 + Level 0.8 Air Magic
 + Level 0.8 Earth Magic
 + Level 0.8 Poison Magic
 + Level 1.1 Invocations
 + Level 1.0 Evocations


You had 2 spell levels left.
You knew the following spells:

 Your Spells              Type           Power      Damage    Failure   Level
a - Dazzling Flash        Conj/Hex       6%         N/A       58%         3

Your spell library contained the following spells:

 Spells                   Type           Power      Damage    Failure   Level
 Slow                     Hex            12%        N/A       24%         1
 Confusing Touch          Hex            3%         N/A       58%         3
 Vampiric Draining        Necr           3%         2d6       58%         3
 Agony                    Necr           3%         N/A       100%        5
 Silence                  Hex/Air        1%         N/A       100%        5


Dungeon Overview and Level Annotations

Branches:
Dungeon (5/15)             Temple (1/1) D:4         Ossuary (visited)

Altars:
Ashenzari
Cheibriados
Elyvilon
Fedhas
Gozag
Hepliaklqana
Nemelex Xobeh
Okawaru
Qazlal
Ru
Sif Muna
Uskayaw
Wu Jian
Xom
Yredelemnul
The Shining One


Innate Abilities, Weirdness & Mutations

You have very sharp teeth.
Your uncanny sense of smell can sniff out nearby items.
Your experience applies equally to all skills.


Message History

The gnoll is severely wounded.
An adder comes into view.
The gnoll hits you with a +0 whip.
The adder hisses angrily.
You hit the gnoll. You drain the gnoll.
You kill the gnoll!
You have reached level 4!
You feel clever. The adder bites you. The adder closely misses you.
The adder bites you.
You are poisoned.
The adder poisons you!
You closely miss the adder.
You feel sick. The adder closely misses you.
You feel sick. The adder misses you.
You feel sick. The adder misses you.
You closely miss the adder. Your punch misses the adder.
You feel sick. The adder bites you but does no damage.
The gnoll hits you but does no damage.
You feel very mighty all of a sudden.
You feel sick. The adder bites you.
* * * LOW HITPOINT WARNING * * *
The gnoll hits you from afar with a +0 spear.
* * * LOW HITPOINT WARNING * * *
You miss the adder.
You feel sick.
You are no longer poisoned.
The adder bites you.
* * * LOW HITPOINT WARNING * * *
You are lethally poisoned!
The adder poisons you! The gnoll closely misses you.
The adder bites you but does no damage.
Okay, then.
It was a potion of invisibility.
You fade into invisibility!
* * * LOW HITPOINT WARNING * * *
You feel sick. The adder bites you.
* * * LOW HITPOINT WARNING * * *
The gnoll misses you.
* * * LOW HITPOINT WARNING * * *
You feel sick.
You die...
Your body crumbles into a pile of gold.

..$...8.>.8........#.#####.#
###...).⌠..$......# #.#
#..8.8.8?#......# ##'#
##.......#......# #...
##.#...##.####.# #...
#........# #.# +...
#.#.####g# #...
##'#.####S####.# #...
....g..@.......# #...
.....#.##.##.### ##.. ... #.
#.# # ###### . #. #.. #.)...
#. #... #..... ∆ .. #....
#..... #. #..... #..... #.
.##... +..... #####.....


You could see a gnoll (wandering, can't see you) and an adder (can't see you).

Vanquished Creatures
  2 mummies (Ossuary)
  A gnoll (D:4)
  3 orcs (D:4)
  A hobgoblin (D:4)
  A quokka (D:4)
  5 gnoll zombies (Ossuary)
  6 hobgoblin zombies (Ossuary)
  7 kobold zombies (Ossuary)
  9 orc zombies (Ossuary)
35 creatures vanquished.

Notes
Turn   | Place    | Note
-------+----------+-------------------------------------------
     0 | D:5      | Reached skill level 9 in Stealth
     0 | D:5      | croobank the Gnoll Delver began the quest for the Orb.
     0 | D:5      | Reached XP level 1. HP: 23/23 MP: 1/1
    39 | D:5      | Noticed a hound
   144 | D:4      | Found a sand-covered staircase.
   157 | Ossuary  | Entered an ossuary
   289 | Ossuary  | Reached XP level 2. HP: 28/29 MP: 2/2
   610 | Ossuary  | Reached XP level 3. HP: 13/35 MP: 2/4
   614 | Ossuary  | Learned a level 3 spell: Dazzling Flash
   821 | Ossuary  | Reached skill level 1 in Invocations
   922 | D:4      | Identified a scroll of acquirement
   922 | D:4      | Acquired the +7 short sword of the Warrior {drain, Int+2}
   925 | D:4      | Found a staircase to the Ecumenical Temple.
   931 | D:4      | Reached skill level 1 in Short Blades
   931 | D:4      | Reached skill level 1 in Long Blades
   931 | D:4      | Reached skill level 1 in Maces & Flails
   931 | D:4      | Reached skill level 1 in Polearms
   931 | D:4      | Reached skill level 1 in Staves
   931 | D:4      | Reached skill level 1 in Slings
   931 | D:4      | Reached skill level 1 in Bows
   931 | D:4      | Reached skill level 1 in Crossbows
   931 | D:4      | Reached skill level 1 in Throwing
   931 | D:4      | Reached skill level 1 in Armour
   931 | D:4      | Reached skill level 1 in Shields
   931 | D:4      | Reached skill level 1 in Unarmed Combat
   931 | D:4      | Reached skill level 1 in Spellcasting
   931 | D:4      | Reached skill level 1 in Evocations
   938 | Temple   | Entered the Ecumenical Temple
  1141 | Temple   | Became a worshipper of Gozag Ym Sagoz the Greedy
  1208 | D:4      | Reached XP level 4. HP: 25/41 MP: 5/5
  1217 | D:4      | HP: 2/41 [adder (1)]
  1219 | D:4      | Succumbed to an adder's poison

Illustrated notes

Levels and vault maps discovered:
D:4:      layout_basic, minmay_temple_entry_statues_fountains,
          chequers_ossuary_entry_cave
D:5:      layout_loops_ring
Temple:   dpeg_five_rooms_temple

Skill      XL: |  1  2  3 |
---------------+----------+-----
Stealth        | |  9.6
Invocations    | 1 |  1.1
Short Blades   | 1 |  1.0
Long Blades    | 1 |  1.0
Maces & Flails | 1 |  1.0
Polearms       | 1 |  1.0
Staves         | 1 |  1.0
Slings         | 1 |  1.0
Bows           | 1 |  1.0
Crossbows      | 1 |  1.0
Throwing       | 1 |  1.0
Armour         | 1 |  1.0
Shields        | 1 |  1.0
Unarmed Combat | 1 |  1.0
Spellcasting   | 1 |  1.0
Evocations     | 1 |  1.0
Fighting       | |  6.6
Axes           | |  4.6
Dodging        | |  4.6
Conjurations   | |  0.8
Hexes          | |  0.8
Summonings     | |  0.8
Necromancy     | |  0.8
Translocations | |  0.8
Transmutations | |  0.8
Fire Magic     | |  0.8
Ice Magic      | |  0.8
Air Magic      | |  0.8
Earth Magic    | |  0.8
Poison Magic   | |  0.8

Action                   |  1- 3 |  4- 6 || total
-------------------------+-------+-------++-------
Melee: Hand axe          |   111 |       ||   111
       Bite              |    15 |       ||    15
       Punch             |     1 |       ||     1
       Short sword       |    11 |     3 ||    14
       Mace              |     4 |       ||     4
  Use: Potion            |     1 |     2 ||     3
       Scroll            |     3 |       ||     3
 Stab: Sleeping          |    10 |       ||    10
Armor: Leather armour    |    14 |     3 ||    17
Dodge: Dodged            |    59 |     6 ||    65

Table legend: (Time is in decaauts)
 A = Elapsed time spent in this place.
 B = Non-inter-level travel time spent in this place.
 C = Inter-level travel time spent in this place.
 D = Time resting spent in this place.
 E = Time spent auto-exploring this place.
 F = Levels seen in this place.
 G = Mean time per level.
                   A        B        C        D        E       F      G
               +--------+--------+--------+--------+--------+-----+--------+
         Total |   1216 |   1140 |     76 |    419 |    273 |   4 |  304.0 |
       Dungeon |    263 |    262 |      1 |     81 |     56 |   2 |  131.5 |
        Temple |    253 |    178 |     75 |      0 |    169 |   1 |  253.0 |
       Ossuary |    698 |    698 |      0 |    338 |     48 |   1 |  698.0 |
               +--------+--------+--------+--------+--------+-----+--------+

Top non-repeatable levels by time:
 Ossuary: 698 daAuts
  Temple: 253 daAuts
     D:4: 212 daAuts
     D:5: 51 daAuts
